 Dungeon Crawl Stone Soup version 0.32-a0-338-g4f8ebfe289 (webtiles) character file.

Game seed: 2343571658642904282

716 Kenran the Chopper (level 7, 0/40 HPs)
             Began as a Gargoyle Reaver on Feb 17, 2024.
             Was an Initiate of Wu Jian.
             Slain by an iguana (10 damage)
             ... on level 5 of the Dungeon.
             The game lasted 00:07:54 (4481 turns).

Kenran the Chopper (Gargoyle Reaver)                Turns: 4481, Time: 00:07:55

Health: 0/40       AC: 11    Str: 18    XL:     7   Next: 69%
Magic:  10/10      EV:  5    Int: 13    God:    Wu Jian [......]
Gold:   195        SH:  0    Dex:  8    Spells: 9/10 levels left

rFire   . . .        a - +0 broad axe
rCold   . . .        (no shield)
rNeg    + . .        i - +0 plate armour
rPois   ∞            (no helmet)
rElec   +            (no cloak)
rCorr   .            (no gloves)
SInv    .            h - +0 pair of boots
Will    .....        (no amulet) Stlth
                     (no ring)
HPRegen 0.26/turn    (no ring)
MPRegen 0.12/turn

%: no passive effects
@: corroded
A: sickness immunity, AC +4, negative energy resistance 1, electricity
resistance, torment resistance 1, petrification resistance
a: Renounce Religion


You were on level 5 of the Dungeon.
You worshipped Wu Jian.
Wu Jian was noncommittal.
You visited 1 branch of the dungeon, and saw 5 of its levels.

You collected 195 gold pieces.

Inventory:

Hand Weapons
 a - a +0 broad axe (weapon)
Armour
 h - a +0 pair of boots (worn)
 i - a +0 plate armour (worn)
Scrolls
 c - 2 scrolls of poison
 e - 3 scrolls of teleportation
 g - a scroll of revelation
 j - 3 scrolls of enchant armour
 m - a scroll of blinking
Potions
 b - a potion of resistance {unknown}
 d - a potion of brilliance {unknown}
 f - a potion of might {unknown}
 k - a potion of heal wounds {unknown}
 l - a potion of curing {unknown}
 o - a potion of attraction {unknown}
 q - a potion of haste


   Skills:
 - Level 2.1 Fighting
 + Level 7.1 Axes
 - Level 1.5 Dodging
 - Level 3.6 Unarmed Combat
 - Level 2.0 Spellcasting
 - Level 3.2 Conjurations


You had 9 spell levels left.
You knew the following spells:

 Your Spells              Type           Power      Damage    Failure   Level
a - Kiss of Death         Conj/Necr      20%        2d7       100%        1

Your spell library contained the following spells:

 Spells                   Type           Power      Damage    Failure   Level
 Magic Dart               Conj           36%        1d4       98%         1
 Searing Ray              Conj           18%        2d5       99%         2
 Sting                    Conj/Alch      20%        1d4       100%        1
 Lesser Beckoning         Tloc           2%         N/A       100%        2
 Mercury Vapours          Alch/Air       2%         N/A       100%        2
 Momentum Strike          Conj/Tloc      10%        3d8       100%        2
 Dazzling Flash           Conj/Hex       10%        N/A       100%        3
 Gell's Gravitas          Tloc           1%         N/A       100%        3
 Hailstorm                Conj/Ice       5%         3d5       100%        3
 Mephitic Cloud           Conj/Alch/Air  4%         N/A       100%        3
 Teleport Other           Tloc           1%         N/A       100%        3
 Fulminant Prism          Conj/Alch      2%         3d5       100%        4
 Olgreb's Toxic Radiance  Alch           1%         N/A       100%        4
 Curse of Agony           Necr           1%         N/A       100%        5
 Silence                  Hex/Air        0%         N/A       100%        5


Dungeon Overview and Level Annotations

Branches:
Dungeon (5/15)
 Temple: D:4-7

Altars:
Dithmenos
Kikubaaqudgha
Wu Jian
Xom
Zin

Annotations:
D:2 Sigmund
D:5 Ijyb


Innate Abilities, Weirdness & Mutations

You are immune to sickness and miasma.
Your stone body is resilient. (AC +4)
You are immune to poison.
You resist negative energy. (rN+)
You are resistant to electric shocks. (rElec)
You are resistant to unholy torment.
You are immune to petrification.


Message History

The bombardier beetle is lightly wounded.
You slash the bombardier beetle!
The bombardier beetle is heavily wounded.
The bombardier beetle bites you but does no damage.
You slash the bombardier beetle!
You kill the bombardier beetle!
The Council accepts your kill.
No target in view!
You open the door.
There is an open door here.
Found a mace.
You see here a +0 mace.
f - a pink potion You see here a hound skeleton.
p - a scroll labelled BEUZEI YTTOL
There is an open door here.
q - a potion of haste
As you read the scroll of identify {@r1}, it crumbles to dust.
p - a scroll of noise
There is an open door here.
An iguana comes into view.
The iguana hisses angrily.
You drop a scroll of noise {!r}.
Ijyb shouts!
You hear a bark!
A hound comes into view.
Ijyb zaps a wand.
The bolt of acid hits you! The acid corrodes you!
You are too injured to fight recklessly!
You see here a scroll of noise {!r}.
The iguana attacks as it pursues you! The iguana bites you!
There is an open door here.
There's a creature in the doorway!
The iguana attacks as it pursues you!
The iguana bites you but does no damage.
The iguana attacks as it pursues you! The iguana bites you.
The iguana attacks as it pursues you!
The iguana bites you but does no damage.
The iguana attacks as it pursues you! The iguana bites you!
* * * LOW HITPOINT WARNING * * *
The iguana attacks as it pursues you! The iguana bites you!
You die...

#.# #............#.## #.#
#.###.###.####.# .. #.#
#.........# #.# #.# #.#
#####.##### ##'## #.# # ##.# #.#
##...## #.# .## ...# ##.#
##.....## #.##..# #### ##..#
##.......## #.#.#.#
########...####.........###.....#
..............'.@l...g..'.?...?..
########...####......h..###......
##.## ##.......## #.#.#.# #.#
##.....## #.# .. #.# ##...## #.#
## #.# ##'## #.# #.# #.# #.# #.
#.# #.. #.. ###


You could see Ijyb, an iguana and a hound.

Vanquished Creatures
  A black bear (D:4)
  2 scorpions
  A bombardier beetle (D:5)
  3 hounds
  Jessica (D:2)
  2 orc wizards
  7 adders
  7 gnolls
  A white imp (D:5)
  8 orcs
  13 ball pythons
  12 endoplasms
  6 giant cockroaches
  9 goblins
  4 hobgoblins
  2 jackals (D:4)
  3 quokkas
  8 bats
  2 frilled lizards
  6 kobolds
  2 rats
100 creatures vanquished.

Notes
Turn   | Place    | Note
-------+----------+-------------------------------------------
     0 | D:1      | Kenran the Gargoyle Reaver began the quest for the Orb.
     0 | D:1      | Reached XP level 1. HP: 12/12 MP: 3/3
   401 | D:1      | Reached XP level 2. HP: 15/17 MP: 5/5
   858 | D:1      | Reached skill level 1 in Axes
   907 | D:2      | Reached XP level 3. HP: 16/21 MP: 6/6
   929 | D:2      | Noticed Sigmund
   996 | D:2      | Reached skill level 2 in Axes
  1334 | D:2      | Noticed Jessica
  1341 | D:2      | Killed Jessica
  1342 | D:2      | Reached XP level 4. HP: 17/26 MP: 7/7
  1471 | D:3      | Reached skill level 3 in Axes
  1577 | D:2      | Reached XP level 5. HP: 26/30 MP: 8/8
  1763 | D:3      | Reached skill level 4 in Axes
  1908 | D:3      | Found an ancient bone altar of Kikubaaqudgha.
  1979 | D:3      | Found a shadowy altar of Dithmenos.
  1983 | D:3      | Found a shimmering altar of Xom.
  2176 | D:3      | Reached XP level 6. HP: 28/35 MP: 9/9
  2321 | D:3      | Noticed an angel
  2322 | D:3      | Found a glowing silver altar of Zin.
  2418 | D:3      | Reached skill level 5 in Axes
  2868 | D:4      | Identified the +5 great mace of Makhleb's Approval {flame,
                  | rElec Dex-3 Stlth+}
  3064 | D:4      | Reached skill level 6 in Axes
  3064 | D:4      | Reached XP level 7. HP: 8/40 MP: 10/10
  3409 | D:4      | Found an ornate altar of the Wu Jian Council.
  3419 | D:4      | Became a worshipper of the Wu Jian Council
  3497 | D:5      | Entered Level 5 of the Dungeon
  3667 | D:5      | Reached skill level 7 in Axes
  3738 | D:5      | Noticed Ijyb
  4481 | D:5      | Slain by an iguana

Illustrated notes

Levels and vault maps discovered:
D:1:      matt_arrival_los_fun, layout_loops_cross
D:2:      layout_rooms, uniq_sigmund, uniq_jessica
D:3:      wad_crossroads, layout_rooms, zin_angel, marbit_many_paths,
          gammafunk_temple_overflow_pools
D:4:      minmay_diamond_boxcup, layout_cave_pods,
          nicolae_wu_jian_immortal_techniques, kennysheep_generic_room_7
D:5:      layout_loops_corners, nicolae_elevator_lobby_plus, uniq_ijyb

Skill      XL: |  1  2  3  4  5  6  7 |
---------------+----------------------+-----
Axes           | 1 2 3 4 6 7 |  7.1
Fighting       | |  2.1
Dodging        | |  1.5
Unarmed Combat | |  3.6
Spellcasting   | |  2.0
Conjurations   | |  3.2

Action                     |  1- 3 |  4- 6 |  7- 9 || total
---------------------------+-------+-------+-------++-------
  Melee: Unarmed           |   106 |   152 |       ||   258
         Punch             |     1 |     2 |       ||     3
         Broad axe         |       |    82 |    47 ||   129
    Use: Scroll            |     1 |     6 |     2 ||     9
         Potion            |       |       |     1 ||     1
 Armour: Leather armour    |     5 |       |       ||     5
         Ring mail         |    30 |       |       ||    30
         Plate armour      |    69 |   260 |    61 ||   390
  Dodge: Dodged            |    35 |    78 |    15 ||   128

Table legend: (Time is in decaauts)
 A = Elapsed time spent in this place.
 B = Non-inter-level travel time spent in this place.
 C = Inter-level travel time spent in this place.
 D = Time resting spent in this place.
 E = Time spent auto-exploring this place.
 F = Levels seen in this place.
 G = Mean time per level.
                   A        B        C        D        E       F      G
               +--------+--------+--------+--------+--------+-----+--------+
         Total |   4493 |   4237 |    256 |    608 |   2407 |   5 |  898.6 |
       Dungeon |   4493 |   4237 |    256 |    608 |   2407 |   5 |  898.6 |
               +--------+--------+--------+--------+--------+-----+--------+

Top non-repeatable levels by time:
     D:4: 1197 daAuts
     D:1: 1003 daAuts
     D:5: 948 daAuts
     D:3: 724 daAuts
     D:2: 620 daAuts
